IL
SACRAMENTO RIVER CATS @ LEHIGH VALLEY IRONPIGS
05/23/2047
 
TOP OF THE 1ST
Sacramento River Cats batting - Pitching for Lehigh Valley IronPigs : RHP Alard Kraaijeveld
Pitching: RHP Alard Kraaijeveld
Batting: RHB Laroya Foronda 0-0: Called Strike
0-1: Ball
1-1: Fly out, F9 (Flyball, 9, EV 93.1 MPH)
Batting: LHB Ryan Braden 0-0: Ball
1-0: Called Strike
1-1: Ball
2-1: Bunted foul
2-2: Foul Ball, location: 2F
2-2: Strikes out swinging
Batting: RHB Miguel Gonzalez 0-0: Ball
1-0: DOUBLE (Flyball, 89XD, EV 112.5 MPH)
Batting: RHB Chris King 0-0: Swinging Strike
0-1: Fly out, F8 (Line Drive, 89S, EV 93.8 MPH)
Top of the 1st over - 0 runs, 1 hit, 0 errors, 1 left on base; Sacramento 0 - Lehigh Valley 0
BOTTOM OF THE 1ST
Lehigh Valley IronPigs batting - Pitching for Sacramento River Cats : RHP Mike Moon
Pitching: RHP Mike Moon
Batting: RHB Joe Smack 0-0: Ball
1-0: Called Strike
1-1: SINGLE (Groundball, 25, EV 61.9 MPH) (infield hit)
Batting: RHB Alberto Ramirez 0-0: Ball
Joe Smack is caught stealing 2nd base 2-4
1-0: Ground out 4-3 (Groundball, 34, EV 106.9 MPH)
Batting: RHB Jesus Galvan 0-0: Called Strike
0-1: Fly out, F8 (Flyball, 78M, EV 81.9 MPH)
Bottom of the 1st over - 0 runs, 1 hit, 0 errors, 0 left on base; Sacramento 0 - Lehigh Valley 0
TOP OF THE 2ND
Sacramento River Cats batting - Pitching for Lehigh Valley IronPigs : RHP Alard Kraaijeveld
Batting: LHB Kevin Kantor 0-0: Ball
1-0: Called Strike
1-1: Ball
2-1: Called Strike
2-2: Foul Ball, location: 2F
2-2: Reached on error, E4 (Groundball, 4S, EV 86.2 MPH)
Batting: RHB Davey Beeson 0-0: Ball
1-0: Foul Ball, location: 2F
1-1: Foul Ball, location: 2F
1-2: Ground out U3 (Groundball, 3, EV 78.1 MPH)
Kevin Kantor to third
Batting: LHB Terry Ebersole 0-0: Foul Ball, location: 2F
0-1: Swinging Strike
0-2: Ball
1-2: Strikes out swinging
Batting: RHB Martin Guerrero 0-0: Swinging Strike
0-1: Ball
1-1: SINGLE (Groundball, 6M, EV 100.0 MPH)
Kevin Kantor scores
Batting: RHB Jack Toole 0-0: Ball
1-0: Foul Ball, location: 2F
1-1: Ball
2-1: Foul Ball, location: 2F
2-2: Foul Ball, location: 2F
2-2: Ball
3-2: Foul Ball, location: 2F
3-2: Foul Ball, location: 2F
3-2: Base on Balls
Martin Guerrero to second
Batting: RHB Laroya Foronda 0-0: Ball
1-0: Ball
2-0: Foul Ball, location: 2F
2-1: Fly out, F4 (Line Drive, 4, EV 69.4 MPH)
Top of the 2nd over - 1 run, 1 hit, 1 error, 2 left on base; Sacramento 1 - Lehigh Valley 0
BOTTOM OF THE 2ND
Lehigh Valley IronPigs batting - Pitching for Sacramento River Cats : RHP Mike Moon
Batting: LHB Jose Carlos 0-0: Ball
1-0: Called Strike
1-1: Swinging Strike
1-2: Ground out 3-1 (Groundball, 34S, EV 85.6 MPH)
Batting: LHB Mike Davis 0-0: Ball
1-0: Called Strike
1-1: Ground out U3 (Groundball, 3, EV 78.1 MPH)
Batting: LHB Theodore Conboy 0-0: Fly out, F7 (Flyball, 78M, EV 92.5 MPH)
Bottom of the 2nd over - 0 runs, 0 hits, 0 errors, 0 left on base; Sacramento 1 - Lehigh Valley 0
TOP OF THE 3RD
Sacramento River Cats batting - Pitching for Lehigh Valley IronPigs : RHP Alard Kraaijeveld
Batting: LHB Ryan Braden 0-0: DOUBLE (Line Drive, 78M, EV 93.1 MPH)
Batting: RHB Miguel Gonzalez 0-0: Called Strike
0-1: Ball
1-1: Fly out, F8 (Flyball, 89D, EV 92.5 MPH)
Runner from 2nd tags up, SAFE at 3rd, no throw by CF
Batting: RHB Chris King 0-0: Ground out 6-3 (Groundball, 6, EV 86.9 MPH)
Ryan Braden scores
Batting: LHB Kevin Kantor 0-0: Ball
1-0: Ball
2-0: Ground out 6-3 (Groundball, 6M, EV 80.0 MPH)
Top of the 3rd over - 1 run, 1 hit, 0 errors, 0 left on base; Sacramento 2 - Lehigh Valley 0
BOTTOM OF THE 3RD
Lehigh Valley IronPigs batting - Pitching for Sacramento River Cats : RHP Mike Moon
Batting: RHB Moritake Fukumoto 0-0: Ball
1-0: Swinging Strike
1-1: Foul Ball, location: 2F
1-2: Ball
2-2: Ball
3-2: Foul Ball, location: 2F
3-2: Foul Ball, location: 2F
3-2: Strikes out swinging
Batting: SHB Benjamin Brown 0-0: Ball
1-0: Called Strike
1-1: Swinging Strike
1-2: Ball
2-2: Foul Ball, location: 2F
2-2: Ball
3-2: Strikes out swinging
Batting: RHB Charles Marcel 0-0: Foul Ball, location: 2F
0-1: Ball
1-1: Ball
2-1: Called Strike
2-2: Foul Ball, location: 2F
2-2: Ground out 5-3 (Groundball, 5, EV 89.4 MPH)
Bottom of the 3rd over - 0 runs, 0 hits, 0 errors, 0 left on base; Sacramento 2 - Lehigh Valley 0
TOP OF THE 4TH
Sacramento River Cats batting - Pitching for Lehigh Valley IronPigs : RHP Alard Kraaijeveld
Batting: RHB Davey Beeson 0-0: Called Strike
0-1: Ball
1-1: Called Strike
1-2: Strikes out swinging
Batting: LHB Terry Ebersole 0-0: Ball
1-0: Ball
2-0: Ball
3-0: Called Strike
3-1: Base on Balls
Batting: RHB Martin Guerrero 0-0: Called Strike
0-1: Ball
1-1: Ball
2-1: Ball
3-1: Called Strike
3-2: Foul Ball, location: 2F
3-2: Strikes out looking
Batting: RHB Jack Toole 0-0: Ball
1-0: Ball
2-0: Ball
3-0: Called Strike
3-1: Fielders Choice at 2nd, 6-4 (Groundball, 6, EV 80.6 MPH)
Top of the 4th over - 0 runs, 0 hits, 0 errors, 1 left on base; Sacramento 2 - Lehigh Valley 0
BOTTOM OF THE 4TH
Lehigh Valley IronPigs batting - Pitching for Sacramento River Cats : RHP Mike Moon
Batting: RHB Joe Smack 0-0: Fly out, F8 (Line Drive, 8RD, EV 98.8 MPH)
Batting: RHB Alberto Ramirez 0-0: Foul Ball, location: 2F
0-1: Ball
1-1: Ball
2-1: Ball
3-1: Foul Ball, location: 2F
3-2: Base on Balls
Batting: RHB Jesus Galvan 0-0: Ball
1-0: Swinging Strike
1-1: Swinging Strike
1-2: Strikes out swinging
Batting: LHB Jose Carlos 0-0: Called Strike
Alberto Ramirez is caught stealing 2nd base 2-6
Bottom of the 4th over - 0 runs, 0 hits, 0 errors, 0 left on base; Sacramento 2 - Lehigh Valley 0
TOP OF THE 5TH
Sacramento River Cats batting - Pitching for Lehigh Valley IronPigs : RHP Alard Kraaijeveld
Batting: RHB Laroya Foronda 0-0: Called Strike
0-1: Ball
1-1: Ground out 3-1 (Groundball, 34, EV 88.1 MPH)
Batting: LHB Ryan Braden 0-0: Ball
1-0: Ball
2-0: Foul Ball, location: 2F
2-1: Ball
3-1: SINGLE (Groundball, 6S, EV 70.6 MPH) (infield hit)
Batting: RHB Miguel Gonzalez 0-0: Ball
1-0: Swinging Strike
1-1: SINGLE (Groundball, P, EV 89.4 MPH) (infield hit)
Ryan Braden to second
Batting: RHB Chris King 0-0: Ball
1-0: Ball
2-0: Foul Ball, location: 2F
2-1: Swinging Strike
2-2: Strikes out swinging
Batting: LHB Kevin Kantor 0-0: Ball
1-0: Called Strike
1-1: Ball
2-1: Foul Ball, location: 2F
2-2: SINGLE (Groundball, 6, EV 100.6 MPH)
Ryan Braden to third
Miguel Gonzalez to second
Runner from 3rd tries for Home, SAFE, throw by LF to home
Batting: RHB Davey Beeson 0-0: Ball
1-0: Ground out 5-3 (Groundball, 56S, EV 83.8 MPH)
Top of the 5th over - 1 run, 3 hits, 0 errors, 2 left on base; Sacramento 3 - Lehigh Valley 0
BOTTOM OF THE 5TH
Lehigh Valley IronPigs batting - Pitching for Sacramento River Cats : RHP Mike Moon
Batting: LHB Jose Carlos 0-0: Ball
1-0: Foul Ball, location: 2F
1-1: Called Strike
1-2: Ground out 3-1 (Groundball, 34, EV 89.4 MPH)
Batting: LHB Mike Davis 0-0: Ball
1-0: Called Strike
1-1: Ball
2-1: Ball
3-1: Ground out 5-3 (Groundball, 25, EV 85.0 MPH)
Batting: LHB Theodore Conboy 0-0: Fly out, F9 (Flyball, 89S, EV 78.8 MPH)
Bottom of the 5th over - 0 runs, 0 hits, 0 errors, 0 left on base; Sacramento 3 - Lehigh Valley 0
TOP OF THE 6TH
Sacramento River Cats batting - Pitching for Lehigh Valley IronPigs : RHP Alard Kraaijeveld
Batting: LHB Terry Ebersole 0-0: Called Strike
0-1: Ball
1-1: Called Strike
1-2: Foul Ball, location: 2F
1-2: Reached on error, E4 (Groundball, 4, EV 84.4 MPH)
Pitching: RHP Marcos Tapia
Batting: RHB Martin Guerrero 0-0: Fly out, F8 (Flyball, 8LM, EV 88.1 MPH)
Batting: RHB Jack Toole 0-0: Foul Ball, location: 2F
0-1: Ball
1-1: Foul Ball, location: 2F
1-2: SINGLE (Groundball, 4MS, EV 98.1 MPH)
Terry Ebersole to second
Batting: RHB Laroya Foronda 0-0: Swinging Strike
0-1: Called Strike
0-2: Ball
1-2: Foul Ball, location: 2F
1-2: Ball
2-2: SINGLE (Groundball, 6MD, EV 107.5 MPH)
Terry Ebersole to third
Jack Toole to second
Batting: LHB Ryan Braden 0-0: Ball
1-0: Foul Ball, location: 2F
1-1: SINGLE (Line Drive, 4MD, EV 101.9 MPH)
Terry Ebersole scores
Jack Toole to third
Laroya Foronda to second
Batting: RHB Miguel Gonzalez 0-0: Swinging Strike
0-1: Swinging Strike
0-2: Ball
1-2: Foul Ball, location: 2F
1-2: Strikes out looking
Batting: RHB Chris King 0-0: Called Strike
0-1: Ball
1-1: Ball
2-1: Ball
3-1: Called Strike
3-2: Foul Ball, location: 2F
3-2: Fly out, F9 (Flyball, 89M, EV 91.2 MPH)
Top of the 6th over - 1 run, 3 hits, 1 error, 3 left on base; Sacramento 4 - Lehigh Valley 0
BOTTOM OF THE 6TH
Lehigh Valley IronPigs batting - Pitching for Sacramento River Cats : RHP Mike Moon
Batting: RHB Moritake Fukumoto 0-0: Called Strike
0-1: Swinging Strike
0-2: Foul Ball, location: 2F
0-2: Ball
1-2: Ball
2-2: Ball
3-2: Strikes out swinging
Batting: SHB Benjamin Brown 0-0: Ball
1-0: Called Strike
1-1: SINGLE (Groundball, 4MD, EV 94.4 MPH)
Batting: RHB Charles Marcel 0-0: Ball
1-0: Swinging Strike
1-1: SINGLE (Groundball, 4D, EV 98.8 MPH)
Benjamin Brown to second
Runner from 2nd tries for 3rd, SAFE, no throw by RF
DELAY Rain delay of 29 minutes in the 6th inning.
Batting: RHB Joe Smack 0-0: Called Strike
0-1: Swinging Strike
0-2: Foul Ball, location: 2F
0-2: Ball
1-2: Ball
2-2: Foul Ball, location: 2F
2-2: SINGLE (Groundball, 56S, EV 62.5 MPH) (infield hit)
Benjamin Brown scores
Charles Marcel to second
Batting: RHB Alberto Ramirez 0-0: Fly out, F9 (Flyball, 89M, EV 91.9 MPH)
Batting: RHB Jesus Galvan 0-0: Foul Ball, location: 2F
0-1: Ball
1-1: Foul Ball, location: 2F
1-2: Foul Ball, location: 2F
1-2: Foul Ball, location: 2F
1-2: Strikes out swinging
Bottom of the 6th over - 1 run, 3 hits, 0 errors, 2 left on base; Sacramento 4 - Lehigh Valley 1
TOP OF THE 7TH
Sacramento River Cats batting - Pitching for Lehigh Valley IronPigs : RHP Marcos Tapia
Pitching: RHP Josh Allport
Batting: LHB Kevin Kantor 0-0: Called Strike
0-1: Ball
1-1: Foul Ball, location: 2F
1-2: Ball
2-2: Ball
3-2: Foul Ball, location: 2F
3-2: Ground out 4-3 (Groundball, 4S, EV 90.6 MPH)
Batting: RHB Davey Beeson 0-0: Ball
1-0: Ball
2-0: Ball
3-0: Called Strike
3-1: DOUBLE (Line Drive, 78XD, EV 110.0 MPH)
Batting: LHB Terry Ebersole 0-0: Intentional Walk
Batting: RHB Martin Guerrero 0-0: Ball
1-0: Called Strike
1-1: Ball
2-1: Grounds into double play, 5-4-3 (Groundball, 56, EV 101.9 MPH)
Top of the 7th over - 0 runs, 1 hit, 0 errors, 1 left on base; Sacramento 4 - Lehigh Valley 1
BOTTOM OF THE 7TH
Lehigh Valley IronPigs batting - Pitching for Sacramento River Cats : RHP Mike Moon
Batting: LHB Jose Carlos 0-0: Foul Ball, location: 2F
0-1: Ball
1-1: Ball
2-1: Ground out 6-3 (Groundball, 6, EV 105.0 MPH)
Batting: LHB Mike Davis 0-0: Foul Ball, location: 2F
0-1: Ball
1-1: Swinging Strike
1-2: Strikes out swinging, 2-3 out at first.
Batting: LHB Theodore Conboy 0-0: Called Strike
0-1: Ball
1-1: Swinging Strike
1-2: SINGLE (Groundball, 4M, EV 86.9 MPH) (infield hit)
Batting: RHB Moritake Fukumoto 0-0: Ball
Theodore Conboy is caught stealing 2nd base 2-4
Bottom of the 7th over - 0 runs, 1 hit, 0 errors, 0 left on base; Sacramento 4 - Lehigh Valley 1
TOP OF THE 8TH
Sacramento River Cats batting - Pitching for Lehigh Valley IronPigs : RHP Josh Allport
Batting: RHB Jack Toole 0-0: Called Strike
0-1: Swinging Strike
0-2: Ball
1-2: Fly out, F8 (Line Drive, 78M, EV 101.9 MPH)
Batting: RHB Laroya Foronda 0-0: Ground out 5-3 (Groundball, 5S, EV 68.1 MPH)
Batting: LHB Ryan Braden 0-0: Ball
1-0: Called Strike
1-1: SINGLE (Line Drive, 8LS, EV 85.0 MPH)
Batting: RHB Miguel Gonzalez 0-0: Ball
1-0: Foul Ball, location: 2F
1-1: Called Strike
1-2: Ball
2-2: Ball
3-2: Fly out, F4 (Popup, 4S, EV 74.4 MPH)
Top of the 8th over - 0 runs, 1 hit, 0 errors, 1 left on base; Sacramento 4 - Lehigh Valley 1
BOTTOM OF THE 8TH
Lehigh Valley IronPigs batting - Pitching for Sacramento River Cats : RHP Mike Moon
Batting: RHB Moritake Fukumoto 0-0: Called Strike
0-1: DOUBLE (Flyball, 78D, EV 106.2 MPH)
Pitching: RHP Cortez Laris
Batting: SHB Benjamin Brown 0-0: Foul Ball, location: 2F
0-1: Ball
1-1: SINGLE (Groundball, 4MD, EV 103.8 MPH)
Moritake Fukumoto to third
Runner from 3rd tries for Home, SAFE, throw by CF to home
Pinch Hitting: SHB Phuck II 0-0: Ground out 4-3 (Groundball, 34S, EV 85.0 MPH)
Benjamin Brown to second
Batting: RHB Joe Smack 0-0: Ball
1-0: Ground out 6-3 (Groundball, 6, EV 93.8 MPH)
Benjamin Brown to third
Batting: RHB Alberto Ramirez 0-0: Ball
1-0: Ball
2-0: Called Strike
2-1: SINGLE (Groundball, 4S, EV 75.6 MPH) (infield hit)
Benjamin Brown scores
Batting: RHB Jesus Galvan Pickoff Throw to First - Out! 1-3
Bottom of the 8th over - 2 runs, 3 hits, 0 errors, 0 left on base; Sacramento 4 - Lehigh Valley 3
TOP OF THE 9TH
Sacramento River Cats batting - Pitching for Lehigh Valley IronPigs : RHP Josh Allport
Pitching: RHP Chris Perteet
Now at 1B: Phuck II
Now at 3B: Moritake Fukumoto
Now in LF: Theodore Conboy
Batting: RHB Chris King 0-0: Called Strike
0-1: Called Strike
0-2: Ball
1-2: Foul Ball, location: 2F
1-2: Ball
2-2: Strikes out swinging
Batting: LHB Kevin Kantor 0-0: Ball
1-0: Reached on error, E5 (Groundball, 6S, EV 66.2 MPH)
Batting: RHB Davey Beeson 0-0: Called Strike
0-1: Ball
1-1: Foul Ball, location: 2F
1-2: Ball
2-2: Strikes out swinging
Batting: LHB Terry Ebersole 0-0: Called Strike
Kevin Kantor steals 2nd base
0-1: Foul Ball, location: 2F
0-2: Strikes out swinging
Top of the 9th over - 0 runs, 0 hits, 1 error, 1 left on base; Sacramento 4 - Lehigh Valley 3
BOTTOM OF THE 9TH
Lehigh Valley IronPigs batting - Pitching for Sacramento River Cats : RHP Cortez Laris
Pitching: RHP Israel Alvarado
Now in LF: Hugo Zacarias
Batting: RHB Jesus Galvan 0-0: Called Strike
0-1: Ball
1-1: Ball
2-1: Foul Ball, location: 2F
2-2: Strikes out swinging
Batting: LHB Jose Carlos 0-0: Swinging Strike
0-1: Ball
1-1: Ball
2-1: Swinging Strike
2-2: Ball
3-2: Strikes out swinging
Batting: LHB Mike Davis 0-0: Ball
1-0: SOLO HOME RUN (Flyball, 8RXD, EV 101.9 MPH), Distance : 411 ft
Batting: LHB Theodore Conboy 0-0: Called Strike
0-1: Foul Ball, location: 2F
0-2: Ball
1-2: Strikes out swinging
Bottom of the 9th over - 1 run, 1 hit, 0 errors, 0 left on base; Sacramento 4 - Lehigh Valley 4
TOP OF THE 10TH
Sacramento River Cats batting - Pitching for Lehigh Valley IronPigs : RHP Chris Perteet
Batting: RHB Martin Guerrero 0-0: Ball
1-0: Ball
2-0: Called Strike
2-1: Ball
3-1: Ground out 6-3 (Groundball, 6, EV 105.6 MPH)
Batting: RHB Jack Toole 0-0: Called Strike
0-1: Ball
1-1: SINGLE (Line Drive, 6MD, EV 104.4 MPH)
Batting: RHB Laroya Foronda 0-0: Ball
1-0: Called Strike
1-1: Swinging Strike
1-2: Strikes out swinging
Batting: RHB Hugo Zacarias 0-0: Foul Ball, location: 2F
0-1: Ball
1-1: Called Strike
1-2: Foul Ball, location: 2F
1-2: Foul Ball, location: 2F
1-2: Foul Ball, location: 2F
1-2: Ball
Jack Toole steals 2nd base
2-2: Ball
3-2: Ground out 3-1 (Groundball, 34S, EV 71.2 MPH)
Top of the 10th over - 0 runs, 1 hit, 0 errors, 1 left on base; Sacramento 4 - Lehigh Valley 4
BOTTOM OF THE 10TH
Lehigh Valley IronPigs batting - Pitching for Sacramento River Cats : RHP Israel Alvarado
Batting: RHB Moritake Fukumoto 0-0: Foul Ball, location: 2F
0-1: Foul Ball, location: 2F
0-2: Ground out 6-3 (Groundball, 6, EV 101.9 MPH)
Batting: SHB Benjamin Brown 0-0: Swinging Strike
0-1: Ground out 5-3 (Groundball, 5S, EV 80.0 MPH)
Batting: SHB Phuck II 0-0: Called Strike
0-1: Called Strike
0-2: Foul Ball, location: 2F
0-2: Ball
1-2: Foul Ball, location: 2F
1-2: Ball
2-2: Strikes out swinging
Bottom of the 10th over - 0 runs, 0 hits, 0 errors, 0 left on base; Sacramento 4 - Lehigh Valley 4
TOP OF THE 11TH
Sacramento River Cats batting - Pitching for Lehigh Valley IronPigs : RHP Chris Perteet
Batting: RHB Miguel Gonzalez 0-0: Ball
1-0: Ball
2-0: Ball
3-0: Base on Balls
Batting: RHB Chris King 0-0: Called Strike
0-1: Ball
1-1: Foul Ball, location: 2F
1-2: Strikes out swinging
Batting: LHB Kevin Kantor 0-0: Ground out 5-3 (Groundball, 56S, EV 70.0 MPH)
Miguel Gonzalez to second
Batting: RHB Davey Beeson 0-0: Ball
1-0: Ball
2-0: Foul Ball, location: 2F
2-1: Ground out 6-3 (Groundball, 6S, EV 77.5 MPH)
Top of the 11th over - 0 runs, 0 hits, 0 errors, 1 left on base; Sacramento 4 - Lehigh Valley 4
BOTTOM OF THE 11TH
Lehigh Valley IronPigs batting - Pitching for Sacramento River Cats : RHP Israel Alvarado
Batting: RHB Joe Smack 0-0: Ball
1-0: Ground out 5-3 (Groundball, 56S, EV 58.1 MPH)
Batting: RHB Alberto Ramirez 0-0: Ball
1-0: Called Strike
1-1: Foul Ball, location: 2F
1-2: Ball
2-2: Fly out, F3 (Popup, 34S, EV 80.6 MPH)
Batting: RHB Jesus Galvan 0-0: Called Strike
0-1: Called Strike
0-2: Strikes out swinging
Bottom of the 11th over - 0 runs, 0 hits, 0 errors, 0 left on base; Sacramento 4 - Lehigh Valley 4
TOP OF THE 12TH
Sacramento River Cats batting - Pitching for Lehigh Valley IronPigs : RHP Chris Perteet
Pitching: RHP Alex Florez
Batting: LHB Terry Ebersole 0-0: Called Strike
0-1: Ball
1-1: Called Strike
1-2: Ball
2-2: Foul Ball, location: 2F
2-2: Strikes out swinging
Batting: RHB Martin Guerrero 0-0: Called Strike
0-1: Ball
1-1: Foul Ball, location: 2F
1-2: Foul Ball, location: 2F
1-2: Ball
2-2: Ball
3-2: Strikes out looking
Batting: RHB Jack Toole 0-0: Foul Ball, location: 2F
0-1: Ball
1-1: Ball
2-1: Foul Ball, location: 2F
2-2: Ball
3-2: Strikes out looking
Top of the 12th over - 0 runs, 0 hits, 0 errors, 0 left on base; Sacramento 4 - Lehigh Valley 4
BOTTOM OF THE 12TH
Lehigh Valley IronPigs batting - Pitching for Sacramento River Cats : RHP Israel Alvarado
Batting: LHB Jose Carlos 0-0: Called Strike
0-1: Ball
1-1: Ball
2-1: Fly out, F9 (Flyball, 9LM, EV 96.9 MPH)
Batting: LHB Mike Davis 0-0: Ball
1-0: Foul Ball, location: 2F
1-1: SOLO HOME RUN (Flyball, 7LD, EV 91.9 MPH), Distance : 359 ft
Bottom of the 12th over - 1 run, 1 hit, 0 errors, 0 left on base; Sacramento 4 - Lehigh Valley 5
Thursday, December 15th , 2022 - OOTP Baseball 23.9 Build 102